EVO
CLEMSON UNIVERSITY TIGERS @ UNIVERSITY OF ILLINOIS FIGHTING ILLINI
11/24/2048
 
TOP OF THE 1ST
Pennsylvania State University Nittany Lions batting - Pitching for University of Michigan Wolverines : RHP Danny Arroyo
Pitching: RHP Danny Arroyo
Batting: RHB Jesse Bandt 0-0: Called Strike
0-1: Fly out, F8 (Flyball, 8LM, EV 91.2 MPH)
Batting: RHB Pete Martin 0-0: Called Strike
0-1: Swinging Strike
0-2: Ground out 4-3 (Groundball, 4M, EV 97.5 MPH)
Batting: RHB Josh Ebeling 0-0: Ball
1-0: Ball
2-0: Called Strike
2-1: Foul Ball, location: 2F
2-2: Foul Ball, location: 2F
2-2: Ball
3-2: Base on Balls
Batting: RHB Rob Hinojosa 0-0: Ball
1-0: Swinging Strike
1-1: Ball
2-1: Ball
3-1: Foul Ball, location: 2F
3-2: Strikes out swinging
Top of the 1st over - 0 runs, 0 hits, 0 errors, 1 left on base; Pennsylvania State University 0 - University of Michigan 0
BOTTOM OF THE 1ST
University of Michigan Wolverines batting - Pitching for Pennsylvania State University Nittany Lions : LHP Yari Rono
Pitching: LHP Yari Rono
Batting: LHB Carlos Guajardo 0-0: Ground out 4-3 (Groundball, 4S, EV 70.0 MPH)
Batting: LHB Javier Cajina 0-0: DOUBLE (Groundball, 5L, EV 101.2 MPH)
Batting: SHB J.D. Newman 0-0: Ball
1-0: Swinging Strike
1-1: Ball
2-1: Fly out, F8 (Flyball, 8LD, EV 91.9 MPH)
Runner from 2nd tags up, OUT at 3rd! 8-5
Bottom of the 1st over - 0 runs, 1 hit, 0 errors, 0 left on base; Pennsylvania State University 0 - University of Michigan 0
TOP OF THE 2ND
Pennsylvania State University Nittany Lions batting - Pitching for University of Michigan Wolverines : RHP Danny Arroyo
Batting: RHB Victor Victorino 0-0: Swinging Strike
0-1: SINGLE (Groundball, 56D, EV 97.5 MPH)
Batting: RHB Joe Strachan 0-0: Fly out, F7 (Flyball, 7D, EV 80.6 MPH)
Batting: RHB Kevin Claus 0-0: Foul Ball, location: 2F
0-1: Called Strike
0-2: Ball
1-2: Foul Ball, location: 2F
1-2: Strikes out swinging
Batting: RHB James Steinmetz 0-0: Ball
1-0: Called Strike
1-1: Ball
2-1: Foul Ball, location: 2F
2-2: Ball
3-2: Strikes out swinging
Top of the 2nd over - 0 runs, 1 hit, 0 errors, 1 left on base; Pennsylvania State University 0 - University of Michigan 0
BOTTOM OF THE 2ND
University of Michigan Wolverines batting - Pitching for Pennsylvania State University Nittany Lions : LHP Yari Rono
Batting: LHB Hector Beltran 0-0: Ball
1-0: Foul Ball, location: 2F
1-1: Ground out U3 (Groundball, 34, EV 90.0 MPH)
Batting: RHB Mitsuhiro Kobayashi 0-0: Ball
1-0: Foul Ball, location: 2F
1-1: Ball
2-1: Ball
3-1: Base on Balls
Batting: LHB Takao Ogura 0-0: Ball
1-0: Ball
2-0: Ball
3-0: Called Strike
3-1: Base on Balls
Mitsuhiro Kobayashi to second
Batting: RHB Jeremy Marin 0-0: Ball
1-0: Ball
2-0: Ball
3-0: Base on Balls
Mitsuhiro Kobayashi to third
Takao Ogura to second
Batting: LHB Dakota Kaempf 0-0: Grounds into double play, 4-6-3 (Groundball, 4, EV 80.6 MPH)
Bottom of the 2nd over - 0 runs, 0 hits, 0 errors, 2 left on base; Pennsylvania State University 0 - University of Michigan 0
TOP OF THE 3RD
Pennsylvania State University Nittany Lions batting - Pitching for University of Michigan Wolverines : RHP Danny Arroyo
Pitching: LHP Kevin Perrell
Batting: RHB Zachary Roberts 0-0: SOLO HOME RUN (Line Drive, 7LD, EV 95.0 MPH), Distance : 355 ft
Batting: RHB Jesse Bandt 0-0: Ball
1-0: Fly out, F9 (Flyball, 89S, EV 88.8 MPH)
Batting: RHB Pete Martin 0-0: Foul Ball, location: 2F
0-1: Ball
1-1: Ground out 5-3 (Groundball, 56, EV 80.0 MPH)
Batting: RHB Josh Ebeling 0-0: Foul Ball, location: 2F
0-1: Swinging Strike
0-2: Ball
1-2: Foul Ball, location: 2F
1-2: Strikes out swinging
Top of the 3rd over - 1 run, 1 hit, 0 errors, 0 left on base; Pennsylvania State University 1 - University of Michigan 0
BOTTOM OF THE 3RD
University of Michigan Wolverines batting - Pitching for Pennsylvania State University Nittany Lions : LHP Yari Rono
Batting: RHB Michael Patterson 0-0: SINGLE (Line Drive, 89M, EV 101.2 MPH)
Batting: LHB Carlos Guajardo 0-0: Fly out, F8 (Line Drive, 8LM, EV 90.6 MPH)
Batting: LHB Javier Cajina 0-0: Called Strike
0-1: Fielders Choice at 2nd, 6-4 (Groundball, 6, EV 86.2 MPH)
Batting: SHB J.D. Newman 0-0: Foul Ball, location: 2F
0-1: Ball
1-1: Called Strike
1-2: Foul Ball, location: 2F
1-2: Strikes out swinging
Bottom of the 3rd over - 0 runs, 1 hit, 0 errors, 1 left on base; Pennsylvania State University 1 - University of Michigan 0
TOP OF THE 4TH
Pennsylvania State University Nittany Lions batting - Pitching for University of Michigan Wolverines : LHP Kevin Perrell
Batting: RHB Rob Hinojosa 0-0: Ball
1-0: Foul Ball, location: 2F
1-1: Ball
2-1: Called Strike
2-2: Fly out, F9 (Flyball, 89M, EV 86.9 MPH)
Batting: RHB Victor Victorino 0-0: Ball
1-0: Fly out, F8 (Line Drive, 8LM, EV 86.2 MPH)
Batting: RHB Joe Strachan 0-0: Ground out 5-3 (Groundball, 56, EV 105.0 MPH)
Top of the 4th over - 0 runs, 0 hits, 0 errors, 0 left on base; Pennsylvania State University 1 - University of Michigan 0
BOTTOM OF THE 4TH
University of Michigan Wolverines batting - Pitching for Pennsylvania State University Nittany Lions : LHP Yari Rono
Batting: LHB Hector Beltran 0-0: Foul Ball, location: 2F
0-1: Foul Ball, location: 2F
0-2: Ball
1-2: Hit by Pitch
Batting: RHB Mitsuhiro Kobayashi 0-0: Hit by Pitch
Hector Beltran to second
Batting: LHB Takao Ogura 0-0: Called Strike
0-1: Ball
1-1: Ball
2-1: Ball
3-1: Foul Ball, location: 2F
3-2: Base on Balls
Hector Beltran to third
Mitsuhiro Kobayashi to second
Batting: RHB Jeremy Marin 0-0: Called Strike
0-1: Ball
1-1: Ball
2-1: Foul Ball, location: 2F
2-2: Foul Ball, location: 2F
2-2: Ball
3-2: Base on Balls
Hector Beltran scores
Mitsuhiro Kobayashi to third
Takao Ogura to second
Batting: LHB Dakota Kaempf 0-0: Ball
1-0: Ball
2-0: Fielders Choice at 2nd, 3-6 (Groundball, 3, EV 98.8 MPH)
Mitsuhiro Kobayashi scores
Takao Ogura to third
Batting: RHB Michael Patterson 0-0: Ball
1-0: Ball
2-0: Fly out, F8 (Flyball, 8LM, EV 83.1 MPH)
Runner from 3rd tags up, SCORES, throw by CF
Batting: LHB Carlos Guajardo 0-0: Ground out U3 (Groundball, 13, EV 86.9 MPH)
Bottom of the 4th over - 3 runs, 0 hits, 0 errors, 1 left on base; Pennsylvania State University 1 - University of Michigan 3
TOP OF THE 5TH
Pennsylvania State University Nittany Lions batting - Pitching for University of Michigan Wolverines : LHP Kevin Perrell
Batting: RHB Kevin Claus 0-0: Called Strike
0-1: Called Strike
0-2: Strikes out swinging
Batting: RHB James Steinmetz 0-0: Called Strike
0-1: Ball
1-1: Foul Ball, location: 2F
1-2: Strikes out swinging
Batting: RHB Zachary Roberts 0-0: Ball
1-0: Foul Ball, location: 2F
1-1: Foul Ball, location: 2F
1-2: Ball
2-2: Ball
3-2: Fly out, F9 (Flyball, 89M, EV 86.2 MPH)
Top of the 5th over - 0 runs, 0 hits, 0 errors, 0 left on base; Pennsylvania State University 1 - University of Michigan 3
BOTTOM OF THE 5TH
University of Michigan Wolverines batting - Pitching for Pennsylvania State University Nittany Lions : LHP Yari Rono
Batting: LHB Javier Cajina 0-0: Fly out, F8 (Flyball, 8RD, EV 95.0 MPH)
Batting: SHB J.D. Newman 0-0: Ball
1-0: Ground out U3 (Groundball, 34S, EV 88.8 MPH)
Batting: LHB Hector Beltran 0-0: Called Strike
0-1: Swinging Strike
0-2: Fly out, F4 (Popup, 4M, EV 70.0 MPH)
Bottom of the 5th over - 0 runs, 0 hits, 0 errors, 0 left on base; Pennsylvania State University 1 - University of Michigan 3
TOP OF THE 6TH
Pennsylvania State University Nittany Lions batting - Pitching for University of Michigan Wolverines : LHP Kevin Perrell
Batting: RHB Jesse Bandt 0-0: TRIPLE (Flyball, 89XD, EV 89.4 MPH)
Batting: RHB Pete Martin 0-0: Swinging Strike
0-1: Swinging Strike
0-2: Ball
1-2: Strikes out swinging
Pitching: RHP Tony Lupercio
Batting: RHB Josh Ebeling 0-0: Called Strike
0-1: Swinging Strike
0-2: Strikes out swinging
Batting: RHB Rob Hinojosa 0-0: Ball
1-0: Foul Ball, location: 2F
1-1: Swinging Strike
1-2: Ball
2-2: Foul Ball, location: 2F
2-2: Ball
3-2: Fly out, F5 (Popup, 5F, EV 62.5 MPH)
Top of the 6th over - 0 runs, 1 hit, 0 errors, 1 left on base; Pennsylvania State University 1 - University of Michigan 3
BOTTOM OF THE 6TH
University of Michigan Wolverines batting - Pitching for Pennsylvania State University Nittany Lions : LHP Yari Rono
Batting: RHB Mitsuhiro Kobayashi 0-0: DOUBLE (Flyball, 8LD, EV 103.1 MPH)
Batting: LHB Takao Ogura 0-0: Ball
1-0: Ball
2-0: Swinging Strike
2-1: Fly out, F7 (Flyball, 7LM, EV 86.2 MPH)
Runner from 2nd tags up, SAFE at 3rd with throw by LF
Batting: RHB Jeremy Marin 0-0: Ground out 6-3 (Groundball, 56, EV 102.5 MPH)
Mitsuhiro Kobayashi scores
Batting: LHB Dakota Kaempf 0-0: Called Strike
0-1: Foul Ball, location: 2F
0-2: Ball
1-2: Ball
2-2: Strikes out swinging
Bottom of the 6th over - 1 run, 1 hit, 0 errors, 0 left on base; Pennsylvania State University 1 - University of Michigan 4
TOP OF THE 7TH
Pennsylvania State University Nittany Lions batting - Pitching for University of Michigan Wolverines : RHP Tony Lupercio
Batting: RHB Victor Victorino 0-0: Ball
1-0: Ball
2-0: Foul Ball, location: 2F
2-1: Foul Ball, location: 2F
2-2: Foul Ball, location: 2F
2-2: Strikes out swinging
Batting: RHB Joe Strachan 0-0: Ball
1-0: DOUBLE (Line Drive, 5D, EV 95.6 MPH)
Batting: RHB Kevin Claus 0-0: Swinging Strike
0-1: Foul Ball, location: 2F
0-2: Ball
1-2: Ball
2-2: Strikes out looking
Batting: RHB James Steinmetz 0-0: Ground out 6-3 (Groundball, 6, EV 92.5 MPH)
Top of the 7th over - 0 runs, 1 hit, 0 errors, 1 left on base; Pennsylvania State University 1 - University of Michigan 4
BOTTOM OF THE 7TH
University of Michigan Wolverines batting - Pitching for Pennsylvania State University Nittany Lions : LHP Yari Rono
Batting: RHB Michael Patterson 0-0: Called Strike
0-1: Ball
1-1: SINGLE (Line Drive, 8RS, EV 92.5 MPH)
Batting: LHB Carlos Guajardo 0-0: Ball
1-0: Called Strike
1-1: SINGLE (Groundball, 6D, EV 96.2 MPH)
Michael Patterson to second
Pitching: RHP Jamie Galarza
Batting: LHB Javier Cajina 0-0: Ball
1-0: Bunted foul
1-1: Sac Bunt to P - play at third, runner OUT! 1-5
Carlos Guajardo to second
Batting: SHB J.D. Newman 0-0: Called Strike
0-1: Called Strike
0-2: Fly out, F8 (Flyball, 8LXD, EV 103.8 MPH)
Runner from 2nd tags up, SAFE at 3rd, no throw by CF
Batting: LHB Hector Beltran 0-0: Foul Ball, location: 2F
0-1: Fly out, F8 (Flyball, 78D, EV 76.2 MPH)
Bottom of the 7th over - 0 runs, 2 hits, 0 errors, 2 left on base; Pennsylvania State University 1 - University of Michigan 4
TOP OF THE 8TH
Pennsylvania State University Nittany Lions batting - Pitching for University of Michigan Wolverines : RHP Tony Lupercio
Pitching: RHP Malcolm Petteway
Batting: RHB Zachary Roberts 0-0: SINGLE (Flyball, 5D, EV 96.9 MPH)
Batting: RHB Jesse Bandt 0-0: Called Strike
0-1: Ground out 6-3 (Groundball, 6S, EV 68.8 MPH)
Zachary Roberts to second
Batting: RHB Pete Martin 0-0: Called Strike
0-1: Swinging Strike
0-2: Ball
1-2: Ball
2-2: Foul Ball, location: 2F
2-2: SINGLE (Groundball, 6M, EV 91.2 MPH) (infield hit)
Zachary Roberts to third
Batting: RHB Josh Ebeling 0-0: Swinging Strike
0-1: Swinging Strike
0-2: Foul Ball, location: 2F
0-2: Foul Ball, location: 2F
0-2: Ball
1-2: Strikes out swinging
Batting: RHB Rob Hinojosa 0-0: Ball
1-0: Ball
2-0: Ball
3-0: Base on Balls
Pete Martin to second
Batting: RHB Victor Victorino 0-0: Called Strike
0-1: Ball
1-1: DOUBLE (Line Drive, 3D, EV 99.4 MPH)
Zachary Roberts scores
Pete Martin scores
Rob Hinojosa to third
Runner from 3rd tries for Home, SAFE, throw by RF to home
Batting: RHB Joe Strachan 0-0: Ball
1-0: Ball
2-0: Swinging Strike
2-1: Ball
3-1: Base on Balls
Batting: RHB Kevin Claus 0-0: Ball
1-0: Foul Ball, location: 2F
1-1: SINGLE (Groundball, 6MD, EV 96.2 MPH)
Victor Victorino to third
Joe Strachan to second
Runner from 3rd tries for Home, SAFE, throw by CF to home
Pitching: RHP Mike MacDougall
Batting: RHB James Steinmetz 0-0: Called Strike
0-1: Fly out, F8 (Flyball, 8RD, EV 100.0 MPH)
Top of the 8th over - 4 runs, 4 hits, 0 errors, 2 left on base; Pennsylvania State University 5 - University of Michigan 4
BOTTOM OF THE 8TH
University of Michigan Wolverines batting - Pitching for Pennsylvania State University Nittany Lions : RHP Jamie Galarza
Pinch Hitting: SHB Fernando Fundora 0-0: Ball
1-0: Foul Ball, location: 2F
1-1: Ball
2-1: Foul Ball, location: 2F
2-2: Foul Ball, location: 2F
2-2: Fly out, F8 (Flyball, 78M, EV 83.1 MPH)
Batting: LHB Takao Ogura 0-0: Called Strike
0-1: Ball
1-1: SINGLE (Flyball, 5D, EV 95.0 MPH)
Batting: RHB Jeremy Marin 0-0: Called Strike
0-1: Ball
1-1: Bunted foul
1-2: Ball
2-2: Foul Ball, location: 2F
2-2: Foul Ball, location: 2F
2-2: Ground out 5-3 (Groundball, 5, EV 108.8 MPH)
Takao Ogura to second
Pitching: RHP David Cantu
Batting: LHB Dakota Kaempf 0-0: Ball
1-0: Ball
2-0: Ball
3-0: Called Strike
3-1: Base on Balls
Pinch Runner at 2nd Ben Follett:
Batting: RHB Michael Patterson 0-0: Ball
Wild Pitch!
Ben Follett to third
Dakota Kaempf to second
1-0: Fly out, F8 (Flyball, 8RXD, EV 103.1 MPH)
Bottom of the 8th over - 0 runs, 1 hit, 0 errors, 2 left on base; Pennsylvania State University 5 - University of Michigan 4
TOP OF THE 9TH
Pennsylvania State University Nittany Lions batting - Pitching for University of Michigan Wolverines : RHP Mike MacDougall
Pitching: RHP Konoye Murakami
Now at 2B: J.D. Newman
Now in RF: Yoshihisa Kobayashi
Batting: RHB Zachary Roberts 0-0: Ball
1-0: Called Strike
1-1: Ball
2-1: Ball
3-1: Foul Ball, location: 2F
3-2: Base on Balls
Batting: RHB Jesse Bandt 0-0: Ground out U3 (Groundball, 13, EV 87.5 MPH)
Zachary Roberts to second
Batting: RHB Pete Martin 0-0: Foul Ball, location: 2F
0-1: Foul Ball, location: 2F
0-2: Ball
1-2: Ball
2-2: Ball
3-2: Fly out, F7 (Flyball, 78M, EV 85.0 MPH)
Batting: RHB Josh Ebeling 0-0: Ball
1-0: Ball
2-0: Ball
3-0: Called Strike
3-1: Foul Ball, location: 2F
3-2: Base on Balls
Batting: RHB Rob Hinojosa 0-0: Ball
1-0: Ball
2-0: Ball
3-0: Called Strike
3-1: Fly out, F8 (Flyball, 89M, EV 90.6 MPH)
Top of the 9th over - 0 runs, 0 hits, 0 errors, 2 left on base; Pennsylvania State University 5 - University of Michigan 4
BOTTOM OF THE 9TH
University of Michigan Wolverines batting - Pitching for Pennsylvania State University Nittany Lions : RHP David Cantu
Pitching: RHP Preki Nedic
Now at 2B: Jesse Bandt
Now in CF: Perry Brantley
Batting: LHB Carlos Guajardo 0-0: Ball
1-0: Ball
2-0: Foul Ball, location: 2F
2-1: Foul Ball, location: 2F
2-2: Ground out 4-3 (Groundball, 34, EV 83.1 MPH)
Batting: LHB Javier Cajina 0-0: Ball
1-0: Fly out, F9 (Flyball, 9, EV 90.6 MPH)
Batting: SHB J.D. Newman 0-0: Ball
1-0: Ball
2-0: Ball
3-0: Called Strike
3-1: Foul Ball, location: 2F
3-2: Strikes out looking
Bottom of the 9th over - 0 runs, 0 hits, 0 errors, 0 left on base; Pennsylvania State University 5 - University of Michigan 4
Tuesday, March 28th , 2023 - OOTP Baseball 23.10 Build 110